 Dungeon Crawl Stone Soup version 0.22-a0-305-gd21a89c (webtiles) character file.

18 Gorice the Chopper (level 2, 0/22 HPs)
             Began as a Demonspawn Wanderer on Mar 30, 2018.
             Slain by an adder (4 damage)
             ... on level 2 of the Dungeon.
             The game lasted 00:04:24 (850 turns).

Gorice the Chopper (Demonspawn Wanderer)             Turns: 850, Time: 00:04:25

Health: 0/22       AC:  2    Str: 12    XL:     2   Next: 51%
Magic:  2/2        EV: 11    Int: 13    God:
Gold:   15         SH:  0    Dex: 12    Spells: 1/1 levels left

rFire    . . .     SeeInvis .   g - -2 hunting sling (curse)
rCold    . . .     Gourm    .   (no shield)
rNeg     . . .     Faith    .   h - -1 robe (curse)
rPois    .         Spirit   .   l - +0 helmet
rElec    .         Reflect  .   (no cloak)
rCorr    .         Harm     .   (no gloves)
MR       .....                  (no boots)
Stlth    ++........             (no amulet)
HPRegen  0.07/turn              (no ring)
MPRegen  0.08/turn              (no ring)

@: lethally poisoned (0 -> -5)
A: demonic guardian 1
a: no special abilities


You were on level 2 of the Dungeon.
You were not hungry.

You visited 1 branch of the dungeon, and saw 2 of its levels.

You collected 15 gold pieces.

Inventory:

Hand Weapons
 a - a +0 hand axe
 e - a +0 dagger
 g - a cursed -2 hunting sling (weapon)
Missiles
 b - 9 sling bullets (quivered)
 Y - 32 stones
Armour
 d - a +0 robe
 h - a cursed -1 robe (worn)
 l - a +0 helmet (worn)
Potions
 c - a potion of lignification {!q}
 i - a potion of heal wounds {!q}
 j - 2 potions of ambrosia
 m - a potion of flight {unknown}
Comestibles
 f - 3 rations
 k - a chunk of flesh


   Skills:
 - Level 2.0 Fighting
 * Level 2.4 Axes
 - Level 1.7 Armour
 - Level 1.7 Stealth
   Level 2.0 Hexes
   Level 1.0 Charms


You had one spell level left.
You didn't know any spells.

Dungeon Overview and Level Annotations

Branches:
Dungeon (2/15)

Altars:


Innate Abilities, Weirdness & Mutations

A weak demonic guardian rushes to your aid.


Message History

Damage: 3 (max 3) Firing (i - inventory. (/) - cycle)
b - 15 sling bullets (quivered)
Press: ? - help, Shift-Dir - straight line, f/p - kobold
Aim: a kobold, wielding a club You shoot a sling bullet.
The sling bullet barely misses the adder.
The sling bullet hits the kobold!
You kill the kobold!
The adder bites you.
Some of the chunks of flesh in your inventory have rotted away.
Damage: 5 (max 5) Firing (i - inventory. (/) - cycle)
b - 14 sling bullets (quivered)
Press: ? - help, Shift-Dir - straight line, f - adder
Aim: an adder (moderately wounded)
You shoot a sling bullet. The sling bullet misses the adder.
The adder completely misses you. The adder misses you.
Firing (i - inventory. (/) - cycle)
b - 13 sling bullets (quivered)
Press: ? - help, Shift-Dir - straight line, f/p - adder
Aim: an adder (moderately wounded)
You shoot a sling bullet. The sling bullet misses the adder.
The adder misses you.
Firing (i - inventory. (/) - cycle)
b - 12 sling bullets (quivered)
Press: ? - help, Shift-Dir - straight line, f/p - adder
Aim: an adder (moderately wounded)
You shoot a sling bullet.
The sling bullet hits the adder but does no damage.
The adder is moderately wounded.
The adder bites you.
* * * LOW HITPOINT WARNING * * *
The adder bites you.
* * * LOW HITPOINT WARNING * * *
You are poisoned.
The adder poisons you!
Damage: 6 (max 6) Firing (i - inventory. (/) - cycle)
b - 11 sling bullets (quivered)
Press: ? - help, Shift-Dir - straight line, f/p - adder
Aim: an adder (moderately wounded)
You shoot a sling bullet.
The sling bullet barely misses the adder.
You feel sick. The adder barely misses you. The adder bites you.
* * * LOW HITPOINT WARNING * * *
Damage: 4 (max 6) Firing (i - inventory. (/) - cycle)
b - 10 sling bullets (quivered)
Press: ? - help, Shift-Dir - straight line, f/p - adder
Aim: an adder (moderately wounded)
You shoot a sling bullet.
The sling bullet hits the adder but does no damage.
The adder is moderately wounded.
The adder bites you.
You die...

#.# ...
#(# #)#
#.# ####
#.#
#....#S#
#..@#
#..#.#
#. #.# #
#.# ..#
###


You could see an adder.

Vanquished Creatures
  A giant cockroach (D:1)
  4 goblins (D:1)
  2 hobgoblins (D:1)
  2 bats (D:1)
  A frilled lizard (D:1)
  4 kobolds
  4 rats (D:1)
18 creatures vanquished.

Notes
Turn   | Place    | Note
-------+----------+-------------------------------------------
     0 | D:1      | Gorice the Demonspawn Wanderer began the quest for the Orb.
     0 | D:1      | Gorice set off with: a +0 hand axe, a potion of lignification {!q}, a +0 robe, a +0 dagger, a ration
     0 | D:1      | Reached XP level 1. HP: 16/16 MP: 1/1
    64 | D:1      | HP: 4/16 [kobold (4)]
   433 | D:1      | Reached skill level 2 in Axes
   433 | D:1      | Gained mutation: A weak demonic guardian rushes to your aid. [demonic ancestry]
   433 | D:1      | Reached XP level 2. HP: 19/22 MP: 2/2
   849 | D:2      | HP: 4/22 [adder (3)]
   850 | D:2      | Slain by an adder

Vault maps used:
D:1:      minmay_arrival_diagonal_passages
D:2:      uniq_sigmund

Skill      XL: |  1 |
---------------+----+-----
Axes           | 2 |  2.4
Fighting       | |  2.0
Armour         | |  1.7
Stealth        | |  1.7
Hexes          | |  2.0
Charms         | |  1.0

Action                   || total
-------------------------++-------
Melee: Hand axe          ||    21
 Fire: Hunting sling     ||    36
  Use: Scroll            ||     4
Armor: Robe              ||     9
Dodge: Dodged            ||    22

Table legend:
 A = Spawn XP
 B = Non-spawn XP
 C = Spawn XP percentage of total XP
 D = Spawn monster count
 E = Non-spawn monster count
 F = Spawn count percentage of total count
 G = Total turns spent on level
                    A         B        C        D         E        F      G
               +---------+---------+-------+---------+---------+-------+---------
         Total |       0 |      27 |   0.0 |       0 |      18 |   0.0 |   850
               +---------+---------+-------+---------+---------+-------+---------
           D:1 |       0 |      26 |   0.0 |       0 |      17 |   0.0 |   840
           D:2 |       0 |       1 |   0.0 |       0 |       1 |   0.0 |    10
               +---------+---------+-------+---------+---------+-------+---------

Table legend:
 A = Turns spent in this place as a percentage of turns spent in the entire game.
 B = Non-inter-level travel turns spent in this place as a percentage of non-inter-level travel turns spent in the entire game.
 C = Inter-level travel turns spent in this place as a percentage of turns spent in this place.
 D = Turns resting spent in this place as a percentage of non-inter-level travel turns spent in this place.
 E = Turns spent auto-exploring this place as a percentage of non-inter-level travel turns spent in this place.
 F = Non-inter-level travel turns spent in this place divided by the number of levels of this place that you've seen.
                   A       B       C       D       E      F
               +-------+-------+-------+-------+-------+----------------------
         Total | 100.0 | 100.0 |   2.9 |  27.0 |  39.2 | 412.5
       Dungeon | 100.0 | 100.0 |   2.9 |  27.0 |  39.2 | 412.5
               +-------+-------+-------+-------+-------+----------------------

Vault maps used:
D:1:      minmay_arrival_diagonal_passages
D:2:      uniq_sigmund
